 Dungeon Crawl Stone Soup version 0.28.0-53-g5a82cb258f (webtiles) character file.

Game seed: 11803282055236391519

4179 gobodom the Magician (level 10, -1/71 HPs)
             Began as a Demonspawn Hedge Wizard on June 19, 2022.
             Killed from afar by an electric eel (6 damage)
             ... with a bolt of electricity
             ... on level 8 of the Dungeon on June 20, 2022.
             The game lasted 01:01:24 (12849 turns).

gobodom the Magician (Demonspawn Hedge Wizard)     Turns: 12849, Time: 01:01:25

Health: -1/71      AC: 15    Str: 13    XL:     10   Next: 8%
Magic:  19/21      EV: 18    Int: 17    God:
Gold:   451        SH:  0    Dex: 13    Spells: 16/23 levels left

rFire   + . .      SeeInvis .   e - +11 mace of the Glimmering Queen {freeze, rF+}
rCold   . . .      Faith    .   (no shield)
rNeg    . . .      Spirit   .   b - +0 robe
rPois   .          Reflect  .   p - +0 helmet
rElec   .          Harm     .   s - +0 cloak
rCorr   .          Rampage  .   d - +0 pair of gloves
Will    .....                   g - +0 pair of boots
Stlth   ++........              (no amulet)
HPRegen 0.21/turn               (no ring)
MPRegen 0.17/turn               (no ring)

@: mighty, agile, sanguine armoured, on blink cooldown
A: powered by pain 1, sanguine armour 2, demonic touch 1
a: no special abilities


You were on level 8 of the Dungeon.
You visited 1 branch of the dungeon, and saw 8 of its levels.

You collected 451 gold pieces.

Inventory:

Hand Weapons
 e - the +11 mace of the Glimmering Queen (weapon) {freeze, rF+}
   (You found it on level 4 of the Dungeon)

   It freezes those it strikes, dealing additional cold damage.
   It can also slow down cold-blooded creatures.
   rF:        It protects you from fire.
 k - a +2 dagger of protection
 m - a +4 long sword
 r - a +2 quarterstaff of chaos
 y - a +3 hand axe
 C - a +2 whip of freezing
Missiles
 u - 10 poisoned darts
 x - 2 boomerangs
 A - a throwing net
Armour
 b - a +0 robe (worn)
 c - a +0 hat
 d - a +0 pair of gloves (worn)
 g - a +0 pair of boots (worn)
 p - a +0 helmet (worn)
 s - a +0 cloak (worn)
Jewellery
 h - an amulet of faith
 t - a ring of fire
Wands
 n - a wand of paralysis (5)
 w - a wand of iceblast (5)
 z - a wand of mindburst (11)
Scrolls
 v - a scroll of brand weapon
 D - a scroll of identify
Potions
 a - a potion of haste
 f - a potion of lignification
 i - 2 potions of flight
 j - a potion of ambrosia {unknown}
 l - 3 potions of curing
 q - 2 potions of attraction {unknown}
 B - a potion of might {unknown}


   Skills:
 + Level 3.6 Fighting
 + Level 1.0(1.8) Short Blades
 + Level 2.3(2.5) Long Blades
 + Level 5.9 Maces & Flails
 + Level 0.4 Throwing
 + Level 4.6 Dodging
 + Level 4.0 Stealth
 + Level 7.3 Spellcasting
 + Level 5.0 Conjurations
 + Level 1.0 Summonings
 + Level 3.0 Translocations
 + Level 3.5 Air Magic


You had 16 spell levels left.
You knew the following spells:

 Your Spells              Type           Power      Damage    Failure   Level
a - Magic Dart            Conj           92%        1d7       1%          1
b - Shock                 Conj/Air       80%        1d8       1%          1
c - Blink                 Tloc           32%        N/A       4%          2
d - Gell's Gravitas       Tloc           16%        N/A       10%         3

Your spell library contained the following spells:

 Spells                   Type           Power      Damage    Failure   Level
 Swiftness                Air            18%        N/A       8%          3
 Lesser Beckoning         Tloc           16%        N/A       10%         3
 Teleport Other           Tloc           16%        N/A       10%         3
 Beastly Appendage        Tmut           12%        N/A       11%         1
 Slow                     Hex            24%        N/A       11%         1
 Call Imp                 Summ           9%         N/A       11%         2
 Mephitic Cloud           Conj/Pois/Air  15%        N/A       11%         3
 Conjure Flame            Conj/Fire      14%        6-21      12%         3
 Wereblood                Tmut           6%         N/A       17%         2
 Airstrike                Air            9%         N/A       26%         4
 Spider Form              Tmut/Pois      6%         N/A       32%         3


Dungeon Overview and Level Annotations

Branches:
Dungeon (8/15)             Temple (0/1) D:5            Lair (0/6) D:8

Altars:
Ashenzari
Dithmenos
Hepliaklqana
Makhleb
Nemelex Xobeh
Sif Muna
Xom
Zin
The Shining One

Shops:
D:3 (   D:4 [   D:7 (


Innate Abilities, Weirdness & Mutations

You sometimes gain a little power by taking damage.
When seriously injured, your blood forms thick armour. (AC +9)
Your touch may inflict minor irresistible damage on your foes.


Message History

The electric eel shoots out a bolt of lightning at you!
The bolt of electricity misses you. The gnoll closely misses you.
The electric eel shoots out a bolt of lightning at you!
The bolt of electricity misses you.
The electric eel shoots out a bolt of lightning at you!
The bolt of electricity hits you.
The gnoll hits you from afar with a +0 spear.
The electric eel shoots out a bolt of lightning at you!
The bolt of electricity hits you!
You focus on the pain.
You feel very mighty all of a sudden.
Your blood congeals into armour.
You sock the electric eel! You freeze the electric eel.
The electric eel is heavily wounded.
The gnoll completely misses you.
The electric eel shoots out a bolt of lightning at you!
The bolt of electricity hits you!
* * * LOW HITPOINT WARNING * * *
You focus on the pain.
You feel mightier all of a sudden.
The gnoll hits you from afar with a +0 spear.
* * * LOW HITPOINT WARNING * * *
Casting: Shock (safe; 1% risk of failure)
Confirm with . or Enter, or press ? or * to list all spells.
You blink.
You thump the electric eel!
The electric eel seems to slow down.
You freeze the electric eel.
The electric eel is almost dead.
The electric eel shoots out a bolt of lightning at you!
The bolt of electricity hits you!
* * * LOW HITPOINT WARNING * * *
You focus on the pain.
You feel agile all of a sudden.
You feel better.
The electric eel is no longer moving slowly.
The electric eel shoots out a bolt of lightning at you!
The bolt of electricity hits you!
* * * LOW HITPOINT WARNING * * *
The electric eel shoots out a bolt of lightning at you!
The bolt of electricity hits you.
You die...

..>.#.....#..##.#######.
..........#..÷.......≈≈≈
##.########....≈.≈..≈≈≈≈
#.# #...≈≈..≈≈≈≈≈≈
##.########...§≈≈.≈≈≈≈≈≈
..h...........≈≈≈≈.≈≈≈≈≈
...§.T..###..g≈≈≈≈≈.≈≈..
.#.####h###..≈≈SS≈≈≈≈...
...# #....#.....@......>
#### #..h....≈≈≈≈≈≈.≈...
#8...#.....≈≈≈≈...≈
#####....#..≈≈≈≈≈≈≈≈≈≈.
#............≈≈≈≈≈≈≈≈≈≈
#.####.###....≈≈≈..≈≈.≈
##.# #.# #....≈......≈≈
...# #.# #...........≈.
#### #.# ####


You could see 2 electric eels and a gnoll.

Vanquished Creatures
  Pikel (D:8)
  The ghost of moldycheese5 the Reanimator, a novice DENe (D:6)
  Sigmund (D:4)
  Eustachio (D:4)
  A water moccasin (D:5)
  An orc warrior (D:5)
  An ice beast (D:7)
  A black bear (D:5)
  A sky beast (D:5)
  5 necrophages
  2 ogres
  2 centaurs
  2 wolves (D:8)
  A phantom (D:7)
  A kobold brigand (D:8)
  Blork the orc (D:6)
  A gnoll sergeant (D:8)
  3 wyvern zombies (D:8)
  2 scorpions
  2 wights (D:8)
  3 howler monkeys (D:8)
  An electric eel (D:8)
  A bullfrog zombie (D:5)
  A centaur zombie (D:8)
  Crazy Yiuf (D:4)
  7 hounds
  2 centaur skeletons
  A bullfrog skeleton (D:7)
  A scorpion zombie (D:5)
  2 iguanas (D:4)
  4 orc wizards (D:7)
  2 killer bee zombies (D:7)
  A hound zombie (D:5)
  Robin (D:3)
  6 gnolls
  9 adders
  A river rat (D:6)
  A shadow imp (D:6)
  An adder skeleton (D:4)
  2 worms (D:2)
  A dart slug (D:2)
  13 orcs
  5 ball pythons
  2 bats (D:1)
  10 endoplasms
  3 giant cockroaches
  21 goblins
  7 hobgoblins
  11 jackals
  8 quokkas
  5 kobolds
  4 rats
169 creatures vanquished.

Vanquished Creatures (collateral kills)
  A bullfrog (D:6)
  A quokka (D:6)
  A rat (D:6)
3 creatures vanquished.

Grand Total: 172 creatures vanquished

Notes
Turn   | Place    | Note
-------+----------+-------------------------------------------
     0 | D:1      | gobodom the Demonspawn Hedge Wizard began the quest for the
                  | Orb.
     0 | D:1      | Reached XP level 1. HP: 13/13 MP: 4/4
   163 | D:1      | Found a faded altar of an unknown god.
   262 | D:1      | Gained mutation: When seriously injured, your blood forms
                  | armour. (AC +9) [demonic ancestry]
   262 | D:1      | Reached XP level 2. HP: 13/19 MP: 3/6
   907 | D:1      | Reached XP level 3. HP: 19/24 MP: 4/8
  2214 | D:2      | Reached XP level 4. HP: 14/31 MP: 3/9
  3356 | D:3      | Reached skill level 4 in Spellcasting
  3555 | D:3      | Reached skill level 1 in Short Blades
  3569 | D:3      | Noticed Robin
  3585 | D:3      | Killed Robin
  4124 | D:3      | Found Isezav's Weapon Shop.
  4282 | D:3      | Reached XP level 5. HP: 31/36 MP: 11/11
  4480 | D:3      | Reached skill level 1 in Long Blades
  4771 | D:4      | Learned a level 1 spell: Shock
  4925 | D:4      | Noticed Eustachio
  5198 | D:4      | Killed Eustachio
  5199 | D:4      | Reached skill level 1 in Fighting
  5199 | D:4      | Reached XP level 6. HP: 34/43 MP: 1/12
  5299 | D:4      | Identified the +11 mace of the Glimmering Queen {freeze,
                  | rF+}
  5682 | D:4      | Found Neidgh's Armour Shoppe.
  5684 | D:4      | Noticed Sigmund
  5738 | D:5      | Entered Level 5 of the Dungeon
  6049 | D:5      | Reached skill level 1 in Maces & Flails
  6049 | D:5      | Gained mutation: When seriously injured, your blood forms
                  | thick armour. (AC +9) [demonic ancestry]
  6049 | D:5      | Reached XP level 7. HP: 48/48 MP: 13/13
  6244 | D:5      | Found a staircase to the Ecumenical Temple.
  6496 | D:5      | Reached skill level 1 in Air Magic
  7160 | D:5      | Learned a level 2 spell: Blink
  7474 | D:4      | Found a runed translucent door.
  7475 | D:4      | Noticed Crazy Yiuf
  7482 | D:4      | Killed Crazy Yiuf
  7483 | D:4      | Reached skill level 1 in Translocations
  7584 | D:4      | Killed Sigmund
  7585 | D:4      | Gained mutation: Your touch may inflict minor irresistible
                  | damage on your foes. [demonic ancestry]
  7585 | D:4      | Reached XP level 8. HP: 55/57 MP: 11/15
  7636 | D:5      | Reached skill level 5 in Spellcasting
  8272 | D:6      | Found a runed translucent door.
  8273 | D:6      | Noticed moldycheese5's ghost (novice DENe)
  8728 | D:6      | Noticed Blork the orc
  8739 | D:6      | Killed Blork the orc
  8909 | D:6      | Found a runed translucent door.
  8945 | D:6      | Found a shimmering altar of Xom.
  8945 | D:6      | Found a hazy altar of Hepliaklqana.
  8950 | D:6      | Found a shimmering blue altar of Sif Muna.
  8962 | D:6      | Found a shadowy altar of Dithmenos.
  8964 | D:6      | Found a burning altar of Makhleb.
  8965 | D:6      | Found a broken altar of Ashenzari.
  8968 | D:6      | Found a sparkling altar of Nemelex Xobeh.
  9175 | D:6      | Killed moldycheese5's ghost
  9176 | D:6      | Reached skill level 6 in Spellcasting
  9354 | D:7      | Reached XP level 9. HP: 41/62 MP: 18/18
 10921 | D:7      | Found Pufo's Weapon Shoppe.
 11187 | D:8      | Reached skill level 5 in Maces & Flails
 11578 | D:8      | Noticed Pikel
 11588 | D:8      | Killed Pikel
 11589 | D:8      | Reached skill level 7 in Spellcasting
 11843 | D:8      | Noticed a troll
 12320 | D:7      | Learned a level 3 spell: Gell's Gravitas
 12397 | D:8      | Gained mutation: You sometimes gain a little power by
                  | taking damage. [demonic ancestry]
 12397 | D:8      | Reached XP level 10. HP: 48/70 MP: 3/20
 12607 | D:8      | Found a staircase to the Lair.
 12820 | D:8      | Reached skill level 5 in Conjurations
 12849 | D:8      | Killed from afar by an electric eel

Illustrated notes

Levels and vault maps discovered:
D:1:      wander_arrival_desolate, layout_rooms, ebering_ecumenical_altar_mist,
          grunt_decor_arrowhead
D:2:      layout_basic, serial_curves, eino_curves_03, eino_curves_01,
          hangedman_decor_growths
D:3:      kennysheep_goblin_castle, layout_loops_corners, serial_shops,
          nicolae_shop_bloodbath_and_beyond, minmay_misc_feat_alley
D:4:      layout_basic, serial_shops, shop, uniq_crazy_yiuf_cottage,
          uniq_eustachio, uniq_sigmund
D:5:      black_bear_nest_1, layout_loops_ring, minmay_temple_entry_fiery,
          portal_sewer_entry_f, amcnicky_mini_rare_corridor_liquid,
          nicolae_fountain_basement
D:6:      layout_basic, nicolae_overflow_hallway_of_the_gods,
          ebering_ghost_sewer_f, uniq_blork_the_orc
D:7:      layout_layer_cave, serial_shops, shop, minmay_hedge_maze
D:8:      layout_loops_ring, erik_lair_island, serial_undead, serial_undead_e,
          serial_undead_a, serial_undead_a, serial_undead_c, uniq_pikel

Skill      XL: |  1  2  3  4  5  6  7  8  9 10 |
---------------+-------------------------------+-----
Stealth        | 2 3 4 |  4.0
Dodging        | 2 3 4 |  4.6
Spellcasting   | 4 6 7 |  7.3
Conjurations   | 2 3 4 5 |  5.0
Short Blades   | 1 |  1.0
Long Blades    | 2 |  2.3
Fighting       | 1 2 3 |  3.6
Maces & Flails | 1 3 4 5 |  5.9
Air Magic      | 1 2 3 |  3.5
Translocations | 1 3 |  3.0
Throwing       | |  0.4
Summonings     | |  1.0

Action                   |  1- 3 |  4- 6 |  7- 9 | 10-12 || total
-------------------------+-------+-------+-------+-------++-------
Melee: Dagger            |    97 |       |       |       ||    97
       Long sword        |       |    96 |       |       ||    96
       Mace              |       |    26 |   163 |    13 ||   202
       Touch             |       |       |    23 |     2 ||    25
       Punch             |       |       |     2 |       ||     2
Throw: Dart              |       |       |     5 |       ||     5
 Cast: Magic Dart        |    91 |    96 |    25 |       ||   212
       Shock             |       |    26 |   128 |    15 ||   169
       Blink             |       |       |    16 |     1 ||    17
Evoke: Wand              |       |       |     2 |       ||     2
  Use: Scroll            |       |     7 |     5 |       ||    12
       Potion            |       |     4 |     2 |     1 ||     7
 Stab: Sleeping          |     1 |     1 |     2 |       ||     4
Armor: Robe              |    32 |    56 |    51 |     2 ||   141
Dodge: Dodged            |    65 |   133 |   121 |    10 ||   329
